 Dungeon Crawl Stone Soup version 0.31-a0-1008-g5b978dac0e (webtiles) character file.

Game seed: 6570676730575449046

166 kae the Vexing (level 5, -2/35 HPs)
             Began as a Demonspawn Enchanter on Nov 12, 2023.
             Slain by an orc wizard
             ... wielding a +0 dagger
              (3 damage)
             ... on level 3 of the Dungeon.
             The game lasted 00:03:34 (3058 turns).

kae the Vexing (Demonspawn Enchanter)               Turns: 3058, Time: 00:03:35

Health: -2/35      AC:  4    Str: 10    XL:     5   Next: 22%
Magic:  0/9        EV: 12    Int: 22    God:
Gold:   167        SH:  0    Dex: 10    Spells: 4/9 levels left

rFire   . . .        a - +1 dagger (flame)
rCold   . . .        (no shield)
rNeg    . . .        b - +0 robe
rPois   +            (no helmet)
rElec   .            m - +1 cloak
rCorr   .            (no gloves)
SInv    .            (no boots)
Will    .....        e - amulet "Vevviurph" {Spirit +Inv Fly rPois Dex-4}
Stlth   +            I - +6 ring of intelligence
HPRegen 0.25/turn    (no ring)
MPRegen 0.11/turn

%: guardian spirit
@: silenced, on berserk cooldown, flying, invisible
A: claws 1, demonic magic 1
a: Evoke Invisibility


You were on level 3 of the Dungeon.
You visited 1 branch of the dungeon, and saw 3 of its levels.

You collected 167 gold pieces.


Innate Abilities, Weirdness & Mutations

You have sharp fingernails.
Spells you cast may paralyse adjacent enemies.


   Skills:
 * Level 2.4 Short Blades
 - Level 1.7 Dodging
 + Level 3.4 Stealth
 + Level 2.6 Spellcasting
 * Level 4.1 Hexes
 + Level 1.2 Ice Magic


You had 4 spell levels left.
You knew the following spells:

 Your Spells              Type           Power      Damage    Failure   Level
a - Ensorcelled Hibernat  Hex/Ice        28%        N/A       7%          2
b - Confusing Touch       Hex            20%        N/A       7%          3

Your spell library contained the following spells:

 Spells                   Type           Power      Damage    Failure   Level
 Tukima's Dance           Hex            20%        N/A       7%          3
 Dazzling Flash           Conj/Hex       22%        N/A       17%         3
 Cigotuvi's Dreadful Rot  Necr/Pois/Air  4%         N/A       21%         2
 Ozocubu's Armour         Ice            8%         N/A       24%         3
 Ignite Poison            Fire/Tmut/Pois 2%         N/A       36%         3
 Freezing Cloud           Conj/Ice/Air   2%         6-21      97%         5
 Ozocubu's Refrigeration  Ice            4%         4d8       100%        7

Inventory:

Hand Weapons
 a - a +1 dagger of flaming (weapon)
Missiles
 d - 52 stones
Armour
 b - a +0 robe (worn)
 m - a +1 cloak (worn)
   (You found it on level 2 of the Dungeon)
Jewellery
 e - the amulet "Vevviurph" (around neck) {Spirit +Inv Fly rPois Dex-4}
   (You acquired it on level 2 of the Dungeon)

   [amulet of guardian spirit]

   Spirit:    It causes incoming damage to be divided between your reserves of
   health and magic.
   Dex-4:     It affects your dexterity (-4).
   rPois:     It protects you from poison +Inv: It lets you turn invisible.
   Fly:       It grants you flight.
 F - a ring of fire
   (You found it on level 3 of the Dungeon)
 I - a +6 ring of intelligence (left claw)
   (You found it on level 1 of the Dungeon)
Scrolls
 g - a scroll of revelation
Potions
 i - a potion of mutation {!q}

Dungeon Overview and Level Annotations

Branches:
Dungeon (3/15) Zot: 14951

Altars:
Cheibriados

.......#### ..... .........
....# ##!......# ....#
#........# ....# #........#
#+####### ....#
#......<.#####.......# ....#
#........##..........#
....####.)....K.##..........####
...)††.........o@'............>#
.....#############.......##.#..#
####........# #..g....##.#..# #
###......### #.......##.#..# #
#.....†..# #..........#..# #
#........######.########..# #
#.............#.## #..# #
#......######....#######..# #
#......# ###...........#


You could see an orc (unable to see you), a goblin (unable to see you) and a
kobold (unable to see you).


Message History

The orc wizard hits you with a +0 dagger.
* * * LOW HITPOINT WARNING * * *
The orc misses you. The orc closely misses you.
The orc wizard hits you with a +0 dagger.
* * * LOW HITPOINT WARNING * * *
😨 HP[-3]
You take 3 damage, and now have 15/35 hp.
Unknown command.
The orc attacks as it pursues you! The orc hits you with a +0 short sword.
* * * LOW HITPOINT WARNING * * *
😨 HP[-1]
You take 1 damage, and now have 14/35 hp.
The orc closely misses you.
The orc wizard hits you with a +0 dagger. 😨 HP[+1] MP[-1]
You lost 1 mp, and now have 2/8 mp.
The orc completely misses you. 😨 MP[+1]
The orc wizard hits you with a +0 dagger.
* * * LOW HITPOINT WARNING * * *
Unknown command. 😨 HP[-1]
You take 1 damage, and now have 14/35 hp. 😨 HP[+1]
You reach down and open the door.
A goblin comes into view. It is wielding a +0 club.
You feel yourself speed up. The orc wizard barely misses you.
The goblin throws a stone.
The stone hits you. The orc hits you but does no damage.
The orc wizard hits you with a +0 dagger.
* * * LOW HITPOINT WARNING * * *
The goblin unwields a +0 club.
The goblin wields a +0 sling.
The goblin shoots a sling bullet.
The sling bullet completely misses you. 😨 HP[-1] MP[-1]
You take 1 damage, and now have 14/35 hp.
You lost 1 mp, and now have 2/8 mp.
The orc attacks as it pursues you! The orc hits you but does no damage.
The goblin shoots a sling bullet.
The sling bullet hits you.
* * * LOW HITPOINT WARNING * * *
There is an open door here. 😨 HP[-3]
You take 3 damage, and now have 11/35 hp.
Unknown command.
You fade into invisibility!
The goblin shoots a sling bullet.
The sling bullet closely misses you. 😨 HP[+1]
You closely miss the orc wizard.
The orc wizard gestures wildly while chanting.
The orc wizard flickers and vanishes!
Deactivating autopickup; reactivate with Ctrl-A.
You hit the orc wizard but do no damage.
The goblin shoots a sling bullet.
The sling bullet hits you.
* * * LOW HITPOINT WARNING * * *
The orc wizard hits you but does no damage. 😨 HP[-1] MP[-1]
You take 1 damage, and now have 11/35 hp.
You lost 1 mp, and now have 1/8 mp.
Unknown command.
You completely miss the orc wizard.
The goblin throws a stone.
The stone barely misses you. 😨 MP[+1]
You hit the orc wizard. You burn the orc wizard.
The orc wizard hits you with a +0 dagger.
* * * LOW HITPOINT WARNING * * *
The kobold throws a poisoned dart.
The poisoned dart hits the orc!
The orc is poisoned.
The goblin shoots a sling bullet.
The sling bullet hits you.
* * * LOW HITPOINT WARNING * * *
😱 HP[-4]
You take 4 damage, and now have 7/35 hp.
You hit the orc wizard. You burn the orc wizard.
The orc wizard barely misses you.
Unknown command.
You closely miss the orc wizard.
The orc wizard hits you with a +0 dagger.
* * * LOW HITPOINT WARNING * * *
The goblin shoots a sling bullet.
The sling bullet barely misses you.
The sling bullet hits the orc wizard. 😱 HP[-1]
You take 1 damage, and now have 6/35 hp.
You hit the orc wizard. You burn the orc wizard.
You kill the orc wizard!
The kobold throws a poisoned dart.
The poisoned dart closely misses the orc. x2
You hit the orc. You burn the orc.
You kill the orc!
The goblin shoots a sling bullet.
The sling bullet hits you.
* * * LOW HITPOINT WARNING * * *
The kobold throws a poisoned dart. 😱 HP[-4] MP[-2]
You take 4 damage, and now have 2/35 hp.
You lost 2 mp, and now have 0/9 mp.
The orc completely misses you.
Items here: )) [[ ††. 😱 HP[+1] Unknown command.
You hit the orc but do no damage. The orc hits you with a +0 hand axe.
* * * LOW HITPOINT WARNING * * *
Something hits you.
You die...

Skill      XL: |  1  2  3  4  5 |
---------------+----------------+-----
Short Blades   | 1 2 |  2.4
Stealth        | 3 |  3.4
Ice Magic      | 1 |  1.2
Hexes          | 4 |  4.1
Dodging        | |  1.7
Spellcasting   | |  2.6

Action                     |  1- 3 |  4- 6 || total
---------------------------+-------+-------++-------
  Melee: Dagger            |   131 |   109 ||   240
   Cast: Ensorcelled Hiber |    13 |     9 ||    22
    Use: Scroll            |       |    10 ||    10
         Potion            |       |     4 ||     4
   Stab: Sleeping          |    12 |    11 ||    23
         Invisible         |       |     2 ||     2
 Armour: Robe              |    65 |    73 ||   138
  Dodge: Dodged            |    86 |    95 ||   181

Levels and vault maps discovered:
D:1:      dpeg_arrival_morbid_curiosity, layout_basic, minmay_misc_feat_chi,
          minmay_misc_feat_tower, minmay_tetromino_i4
D:2:      layout_basic, uniq_terence
D:3:      layout_basic, slow_altar_1

Notes
Turn   | Place    | Note
-------+----------+-------------------------------------------
     0 | D:1      | kae the Demonspawn Enchanter began the quest for the Orb.
     0 | D:1      | Reached XP level 1. HP: 13/13 MP: 3/3
     0 | D:1      | magus.rc [v1.11.3]
    15 | D:1      | Reached skill level 1 in Short Blades
   199 | D:1      | HP: 3/13 [hobgoblin (4)]
   203 | D:1      | HP: 1/13 [hobgoblin (1)]
   430 | D:1      | Gained mutation: You have sharp fingernails. [demonic
                  | ancestry]
   430 | D:1      | Reached XP level 2. HP: 19/19 MP: 5/5
   450 | D:1      | Learned a level 2 spell: Ensorcelled Hibernation
   708 | D:1      | HP: 4/19 [kobold/+0 dagger (3)]
   708 | D:1      | HP: 1/19 [frozen (3)]
   722 | D:1      | HP: 3/19 [bat (1)]
   757 | D:1      | Reached XP level 3. HP: 14/24 MP: 1/6
   850 | D:1      | You add the spells Cigotuvi's Dreadful Rot, Ignite Poison
                  | and Freezing Cloud to your library.
   861 | D:1      | Reached skill level 3 in Stealth
  1320 | D:2      | Noticed Terence
  1747 | D:2      | Reached XP level 4. HP: 25/30 MP: 4/7
  1887 | D:2      | Identified a scroll of acquirement
  1887 | D:2      | Acquired the amulet "Vevviurph" {Spirit +Inv Fly rPois
                  | Dex-4}
  2111 | D:2      | Reached skill level 2 in Short Blades
  2220 | D:2      | Killed Terence
  2221 | D:2      | Reached skill level 1 in Ice Magic
  2369 | D:2      | Learned a level 3 spell: Confusing Touch
  2721 | D:3      | Found a snail-covered altar of Cheibriados.
  2853 | D:3      | You add the spells Ozocubu's Armour and Ozocubu's
                  | Refrigeration to your library.
  2944 | D:3      | Gained mutation: Spells you cast may paralyse adjacent
                  | enemies. [demonic ancestry]
  2944 | D:3      | Reached XP level 5. HP: 35/35 MP: 8/8
  2987 | D:3      | Reached skill level 4 in Hexes
  3052 | D:3      | HP: 7/35 [goblin/sling bullet (2)]
  3056 | D:3      | HP: 2/35 [goblin/sling bullet (4)]
  3058 | D:3      | Slain by an orc wizard

Vanquished Creatures
  Terence (D:2)
  An orc wizard (D:3)
  4 adders
  3 worms (D:3)
  3 dart slugs
  4 orcs (D:3)
  7 ball pythons
  4 bats (D:1)
  5 endoplasms
  A giant cockroach (D:3)
  8 goblins
  8 hobgoblins
  4 jackals
  2 quokkas
  3 frilled lizards
  8 kobolds
  6 rats
72 creatures vanquished.

Vanquished Creatures (others)
  A bat (D:3)
1 creature vanquished.

Grand Total: 73 creatures vanquished

Table legend:
 A = Non-vault XP
 B = Vault XP
 C = Vault XP percentage of total XP
 D = Non-vault monster count
 E = Vault monster count
 F = Vault count percentage of total count
                 A         B        C        D         E       F
            +---------+---------+-------+---------+---------+-------
      Total |     183 |      55 |  23.1 |      62 |      10 |  13.9
            +---------+---------+-------+---------+---------+-------
        D:1 |      39 |      14 |  26.4 |      23 |       8 |  25.8
        D:2 |      67 |      36 |  35.0 |      17 |       1 |   5.6
        D:3 |      77 |       5 |   6.1 |      22 |       1 |   4.3
            +---------+---------+-------+---------+---------+-------

Skill      XL: |  1  2  3  4  5 |
---------------+----------------+-----
Short Blades   | 1 2 |  2.4
Stealth        | 3 |  3.4
Ice Magic      | 1 |  1.2
Hexes          | 4 |  4.1
Dodging        | |  1.7
Spellcasting   | |  2.6

Action                     |  1- 3 |  4- 6 || total
---------------------------+-------+-------++-------
  Melee: Dagger            |   131 |   109 ||   240
   Cast: Ensorcelled Hiber |    13 |     9 ||    22
    Use: Scroll            |       |    10 ||    10
         Potion            |       |     4 ||     4
   Stab: Sleeping          |    12 |    11 ||    23
         Invisible         |       |     2 ||     2
 Armour: Robe              |    65 |    73 ||   138
  Dodge: Dodged            |    86 |    95 ||   181

Illustrated notes

Table legend:
 A = Kills in this place as a percentage of kills in the entire game.
 B = Kills by you in this place as a percentage of kills by you in the entire game.
 C = Kills by friends in this place as a percentage of kills by friends in the entire game.
 D = Other kills in this place as a percentage of other kills in the entire game.
 E = Experience gained in this place as a percentage of experience gained in the entire game.
 F = Experience gained in this place divided by the number of levels of this place that you have seen.
                   A       B       C       D       E      F
               +-------+-------+-------+-------+-------+----------------------
         Total | 100.0 | 100.0 |   N/A |   N/A | 100.0 |  79.3
       Dungeon | 100.0 | 100.0 |   N/A |   N/A | 100.0 |  79.3
               +-------+-------+-------+-------+-------+----------------------

Table legend: (Time is in decaauts)
 A = Elapsed time spent in this place.
 B = Non-inter-level travel time spent in this place.
 C = Inter-level travel time spent in this place.
 D = Time resting spent in this place.
 E = Time spent auto-exploring this place.
 F = Levels seen in this place.
 G = Mean time per level.
                   A        B        C        D        E       F      G
               +--------+--------+--------+--------+--------+-----+--------+
         Total |   3047 |   2965 |     82 |    223 |   2117 |   3 | 1015.7 |
       Dungeon |   3047 |   2965 |     82 |    223 |   2117 |   3 | 1015.7 |
               +--------+--------+--------+--------+--------+-----+--------+

Top non-repeatable levels by time:
     D:1: 1288 daAuts
     D:2: 1176 daAuts
     D:3: 582 daAuts
